 Dungeon Crawl Stone Soup version 0.30.1-3-gfc49f6343a (webtiles) character file.

Game seed: 9430912882991204568

138 Peloso the Covered (level 5, 0/47 HPs)
             Began as a Minotaur Fighter on July 18, 2023.
             Succumbed to a water moccasin's poison
             ... on level 4 of the Dungeon.
             The game lasted 00:02:56 (1320 turns).

Peloso the Covered (Minotaur Fighter)               Turns: 1320, Time: 00:02:57

Health: 0/47       AC:  7    Str: 20      XL:     5   Next: 1%
Magic:  4/4        EV:  9    Int:  5      God:
Gold:   87         SH:  4    Dex: 10 (12) Spells: 4/4 levels left

rFire   + . .        a - +0 long sword
rCold   + . .        c - +0 buckler
rNeg    . . .        b - +0 scale mail
rPois   +            (helmet restricted)
rElec   +            (no cloak)
rCorr   +            (no gloves)
SInv    .            (no boots)
Will    .....        (no amulet) Stlth
                     (no ring)
HPRegen 0.27/turn    (no ring)
MPRegen 0.09/turn

%: no passive effects
@: lethally poisoned (0 -> -16), resistant
A: horns 2, retaliatory headbutt
a: no special abilities


You were on level 4 of the Dungeon.
You visited 1 branch of the dungeon, and saw 4 of its levels.

You collected 87 gold pieces.

Inventory:

Hand Weapons
 a - a +0 long sword (weapon)
Armour
 b - a +0 scale mail (worn)
 c - a +0 buckler (worn)
Scrolls
 f - 2 scrolls of teleportation {unknown}
 h - a scroll of fog
 l - a scroll of enchant armour
Potions
 d - 2 potions of might


   Skills:
 + Level 4.7 Fighting
 + Level 3.5 Long Blades
 + Level 4.9 Armour
 + Level 0.4 Dodging
 + Level 0.2 Stealth
 + Level 4.3 Shields


You had 4 spell levels left.
You didn't know any spells.
Your spell library contained the following spells:

 Spells                   Type           Power      Damage    Failure   Level
 Hailstorm                Conj/Ice       0%         3d3       99%         3
 Ice Form                 Ice/Tmut       0%         N/A       100%        4
 Simulacrum               Ice/Necr       0%         N/A       100%        6


Dungeon Overview and Level Annotations

Branches:
Dungeon (4/15)
 Temple: D:4-7

Altars:
Sif Muna

Annotations:
D:2 Sigmund


Innate Abilities, Weirdness & Mutations

You have a pair of horns on your head.
You reflexively headbutt those who attack you in melee.


Message History

The water moccasin is moderately wounded.
The water moccasin bites you but does no damage.
You block the goblin's attack. The water moccasin bites you.
You miss the water moccasin.
Your headbutt misses the water moccasin.
The water moccasin is moderately wounded.
The water moccasin bites you!
You are poisoned.
The water moccasin poisons you! The goblin hits you but does no damage.
Unknown command.
You barely miss the water moccasin. You headbutt the water moccasin!
The water moccasin is severely wounded.
You feel very sick.
The water moccasin bites you but does no damage.
The goblin completely misses you. The water moccasin bites you.
You miss the water moccasin.
Your headbutt misses the water moccasin.
The water moccasin is severely wounded.
You feel very sick. The water moccasin barely misses you.
The goblin hits you but does no damage.
The water moccasin bites you but does no damage.
You closely miss the water moccasin. You headbutt the water moccasin!
The water moccasin is almost dead.
You feel very sick. The goblin hits you with a +0 club.
The water moccasin bites you.
* * * LOW HITPOINT WARNING * * *
You are lethally poisoned!
The water moccasin poisons you! You block the goblin's attack.
The water moccasin bites you but does no damage.
You miss the water moccasin.
Your headbutt misses the water moccasin.
The water moccasin is almost dead.
* * * LOW HITPOINT WARNING * * *
You feel extremely sick. The water moccasin bites you.
* * * LOW HITPOINT WARNING * * *
The goblin misses you.
It was a potion of resistance.
You feel protected.
You die...

# .### ...#.
###......
####?#....##
####....S.....#
#......@g......
##....####...##.
#......# ..# ##....##
... #########...>.#
....#.
##.##.##.......#..##.
.#
.....................
.
##.##.....##.##....#.
#.#.##.#.##.#.###....


You could see a water moccasin and a goblin.

Vanquished Creatures
  A scorpion (D:4)
  A hound (D:4)
  An adder (D:4)
  A white imp (D:4)
  5 orcs (D:4)
  2 endoplasms (D:1)
  2 giant cockroaches
  3 goblins
  4 hobgoblins
  2 quokkas
  2 ball pythons (D:4)
  A bat (D:1)
  4 kobolds
  3 rats
32 creatures vanquished.

Notes
Turn   | Place    | Note
-------+----------+-------------------------------------------
     0 | D:1      | Peloso the Minotaur Fighter began the quest for the Orb.
     0 | D:1      | Reached XP level 1. HP: 19/19 MP: 0/0
   197 | D:1      | Found a faded altar of an unknown god.
   213 | D:1      | Reached XP level 2. HP: 27/27 MP: 1/1
   702 | D:2      | Noticed Sigmund
   808 | D:4      | Found a shimmering blue altar of Sif Muna.
   816 | D:4      | Reached XP level 3. HP: 29/33 MP: 2/2
  1060 | D:4      | Noticed a scorpion
  1068 | D:4      | Killed a scorpion
  1069 | D:4      | Reached XP level 4. HP: 29/41 MP: 3/3
  1138 | D:4      | Reached XP level 5. HP: 16/47 MP: 4/4
  1309 | D:4      | Noticed a water moccasin
  1319 | D:4      | HP: 2/47 [water moccasin (4)]
  1320 | D:4      | Succumbed to a water moccasin's poison

Illustrated notes

Levels and vault maps discovered:
D:1:      kilobyte_arrival_exit_the_forest, layout_rooms,
          ebering_ecumenical_altar_hall
D:2:      layout_basic, uniq_terence, uniq_sigmund
D:3:      layout_basic, hangedman_decor_riveting, uniq_robin
D:4:      layout_cave_pools, nicolae_overflow_two_pavilions,
          mainiacjoe_overflow_six_doors_small, lemuel_round_altar,
          minmay_ruptured

Skill      XL: |  1  2 |
---------------+-------+-----
Armour         | 4 |  4.9
Shields        | 4 |  4.3
Fighting       | 4 |  4.7
Long Blades    | 3 |  3.5
Dodging        | |  0.4
Stealth        | |  0.2

Action                     |  1- 3 |  4- 6 || total
---------------------------+-------+-------++-------
  Melee: Long sword        |    59 |    30 ||    89
         Headbutt          |     9 |     5 ||    14
    Use: Potion            |     4 |     1 ||     5
         Scroll            |     3 |       ||     3
 Armour: Scale mail        |    39 |    35 ||    74
  Dodge: Dodged            |    40 |    14 ||    54
  Block: Buckler           |    16 |    10 ||    26
